 Dungeon Crawl Stone Soup version 0.28-a0-883-gc8d7bad45d (webtiles) character file.

Game seed: 8972945479270695981

152 math4jedi the Chopper (level 5, 0/47 HPs)
             Began as a Hill Orc Monk on Nov 21, 2021.
             Succumbed to Eustachio's poison
             ... on level 4 of the Dungeon.
             The game lasted 00:07:34 (3744 turns).

math4jedi the Chopper (Hill Orc Monk)               Turns: 3744, Time: 00:07:35

Health: 0/47       AC:  8    Str: 14    XL:     5   Next: 34%
Magic:  5/5        EV: 11    Int: 10    God:
Gold:   76         SH:  0    Dex: 14    Spells: 4/4 levels left

rFire   . . .      SeeInvis .   a - +0 hand axe
rCold   . . .      Faith    .   (no shield)
rNeg    . . .      Spirit   .   n - +0 ring mail
rPois   .          Reflect  .   (no helmet)
rElec   .          Harm     .   (no cloak)
rCorr   .          Rampage  .   (no gloves)
Will    .....                   u - +2 pair of boots
Stlth   +.........              (no amulet)
HPRegen 0.15/turn               (no ring)
MPRegen 0.09/turn               (no ring)

@: lethally poisoned (0 -> -7)
A: no striking features
a: no special abilities


You were on level 4 of the Dungeon.
You visited 1 branch of the dungeon, and saw 4 of its levels.

You collected 76 gold pieces.

Inventory:

Hand Weapons
 a - a +0 hand axe (weapon)
Missiles
 o - 15 poisoned darts (quivered)
Armour
 b - a +0 robe
 k - a +0 leather armour
 n - a +0 ring mail (worn)
 u - a +2 pair of boots (worn)
Wands
 m - a wand of flame (20)
Scrolls
 c - a scroll of enchant weapon {unknown}
 f - a scroll of immolation
 g - a scroll of identify
 i - a scroll of blinking {unknown}
 j - a scroll of magic mapping
 l - 3 scrolls of brand weapon {unknown}
 p - 2 scrolls of enchant armour {unknown}
 q - a scroll of vulnerability
 r - a scroll of noise {unknown}
Potions
 d - 2 potions of heal wounds {unknown}
 e - a potion of lignification {unknown}
 h - a potion of ambrosia {unknown}
 s - a potion of curing {unknown}
 t - a potion of might


   Skills:
 * Level 4.4 Fighting
 - Level 6.0 Axes
 * Level 2.0 Armour
 * Level 3.0 Dodging
 - Level 1.5 Stealth


You had 4 spell levels left.
You didn't know any spells.
Your spell library contained the following spells:

 Spells                   Type           Power      Damage    Failure   Level
 Shock                    Conj/Air       0%         1d3       58%         1
 Dazzling Flash           Conj/Hex       0%         N/A       92%         3
 Swiftness                Air            0%         N/A       92%         3
 Airstrike                Air            0%         N/A       100%        4
 Agony                    Necr           0%         N/A       100%        5
 Silence                  Hex/Air        0%         N/A       100%        5


Dungeon Overview and Level Annotations

Branches:
Dungeon (4/15)
 Temple: D:4-7

Altars:

Annotations:
D:4 Eustachio


Message History

Eustachio is heavily wounded.
You hit the ball python. You hit the iron imp but do no damage.
You barely miss the quasit.
You feel sick. The quasit bites you.
The quasit claws you but does no damage. x2
Eustachio hits you but does no damage.
You are lethally poisoned!
The iron imp hits you.
* * * LOW HITPOINT WARNING * * *
The ball python bites you but does no damage.
The ball python barely misses you.
You hit Eustachio.
Eustachio is heavily wounded.
You hit the quasit but do no damage. You hit the iron imp but do no damage.
You hit the ball python.
You kill the ball python!
* * * LOW HITPOINT WARNING * * *
You feel very sick.
Eustachio looks more healthy.
The quasit bites you.
* * * LOW HITPOINT WARNING * * *
The quasit claws you but does no damage. x2
Eustachio closely misses you.
The quasit bites you but does no damage.
The quasit claws you but does no damage.
The quasit closely misses you.
The iron imp hits you but does no damage.
You closely miss Eustachio.
Eustachio is heavily wounded.
You miss the quasit. You hit the iron imp but do no damage.
* * * LOW HITPOINT WARNING * * *
You feel very sick. Eustachio barely misses you. The quasit bites you.
* * * LOW HITPOINT WARNING * * *
The quasit claws you but does no damage. x2
The iron imp closely misses you.
* * * LOW HITPOINT WARNING * * *
You feel sick.
The quasit bites you but does no damage.
The quasit claws you but does no damage.
The quasit misses you. Eustachio barely misses you.
You die...

.... .......# #.รท<# ....
#......###.### ##. .....
..........#####....
.....###.#................
.................#.......#
........5........#.#######
.........h@......#.####
......(...5......#....#
....(....#@......####.#
...(.....#.......# #.#
.........#>#...### #.#
.........#.#.#.######.##
##########.#.#.........#
#.#.#######.#.#
#.#.........#.#
#.####....###.#
#....#........#


You could see Eustachio, a black bear, an iron imp (summoned) and a quasit
(summoned).

Vanquished Creatures
  A howler monkey (D:4)
  An iguana (D:4)
  2 adders
  2 worms (D:3)
  An orc (D:3)
  7 endoplasms
  7 goblins
  5 hobgoblins
  6 jackals
  5 kobolds
  2 quokkas
  15 ball pythons
  2 bats
  5 frilled lizards
  9 rats
70 creatures vanquished.

Notes
Turn   | Place    | Note
-------+----------+-------------------------------------------
     0 | D:1      | math4jedi the Hill Orc Monk began the quest for the Orb.
     0 | D:1      | Reached XP level 1. HP: 19/19 MP: 1/1
   402 | D:1      | Reached XP level 2. HP: 16/26 MP: 2/2
   552 | D:1      | Reached skill level 5 in Axes
   927 | D:1      | Reached XP level 3. HP: 24/31 MP: 3/3
  1149 | D:2      | Found a faded altar of an unknown god.
  1421 | D:2      | Reached skill level 6 in Axes
  2026 | D:3      | Reached XP level 4. HP: 14/40 MP: 4/4
  2673 | D:3      | Reached skill level 1 in Armour
  3232 | D:4      | Noticed a black bear
  3451 | D:4      | Reached XP level 5. HP: 31/47 MP: 5/5
  3719 | D:4      | Noticed Eustachio
  3743 | D:4      | HP: 1/47 [poisoned by Eustachio]
  3744 | D:4      | Succumbed to Eustachio's poison

Illustrated notes

Levels and vault maps discovered:
D:1:      mrwooster_arrival_statue_2, layout_basic
D:2:      layout_rooms, chequers_ecumenical_altar_twisty
D:3:      layout_basic, minmay_joined_circles
D:4:      layout_basic, uniq_pikel, uniq_eustachio, uniq_crazy_yiuf_cottage

Skill      XL: |  1  2  3  4  5 |
---------------+----------------+-----
Axes           | 5 6 |  6.0
Fighting       | 4 |  4.4
Armour         | 1 2 |  2.0
Dodging        | 3 |  3.0
Stealth        | |  1.5

Action                   |  1- 3 |  4- 6 || total
-------------------------+-------+-------++-------
Melee: Hand axe          |   146 |    88 ||   234
Throw: Dart              |     3 |     5 ||     8
Evoke: Wand              |       |     1 ||     1
  Use: Potion            |     2 |       ||     2
       Scroll            |       |     3 ||     3
 Stab: Sleeping          |     5 |       ||     5
       Distracted        |     1 |       ||     1
Armor: Robe              |    11 |       ||    11
       Ring mail         |    10 |    26 ||    36
       Leather armour    |     3 |       ||     3
Dodge: Dodged            |    90 |    41 ||   131

Table legend: (Time is in decaauts)
 A = Elapsed time spent in this place.
 B = Non-inter-level travel time spent in this place.
 C = Inter-level travel time spent in this place.
 D = Time resting spent in this place.
 E = Time spent auto-exploring this place.
 F = Levels seen in this place.
 G = Mean time per level.
                   A        B        C        D        E       F      G
               +--------+--------+--------+--------+--------+-----+--------+
         Total |   3749 |   3684 |     65 |    831 |   2175 |   4 |  937.2 |
       Dungeon |   3749 |   3684 |     65 |    831 |   2175 |   4 |  937.2 |
               +--------+--------+--------+--------+--------+-----+--------+

Top non-repeatable levels by time:
     D:3: 1658 daAuts
     D:1: 1033 daAuts
     D:2: 717 daAuts
     D:4: 340 daAuts
